 Dungeon Crawl Stone Soup version 0.31-a0-1178-gc5c9b8f871 (webtiles) character file.

Game seed: 6064044361685173338

359 Inarius the Trooper (level 6, -5/49 HPs)
             Began as a Mummy Fighter on Dec 11, 2023.
             Was a Follower of Makhleb.
             Killed by divine providence
             ... invoked by an orc priest
              (12 damage)
             ... on level 3 of the Dungeon.
             The game lasted 00:06:21 (2419 turns).

Inarius the Trooper (Mummy Fighter)                 Turns: 2419, Time: 00:06:22

Health: -5/49      AC:  6    Str: 21    XL:     6   Next: 37%
Magic:  6/6        EV:  9    Int:  7    God:    Makhleb [*.....]
Gold:   202        SH:  5    Dex: 18    Spells: 5/5 levels left

rFire   x . .        a - +0 war axe
rCold   + . .        c - +0 buckler
rNeg    + + +        b - +0 scale mail
rPois   ∞            (no helmet)
rElec   .            (no cloak)
rCorr   .            (no gloves)
SInv    .            (no boots)
Will    .....        (no amulet) Stlth
                     k - +6 ring of dexterity
HPRegen 0.28/turn    (no ring)
MPRegen 0.10/turn

%: faith
@: no status effects
A: cold resistance 1, negative energy resistance 3, torment resistance 2, heat
vulnerability 1, in touch with death 1, no potions, faith
a: Renounce Religion


You were on level 3 of the Dungeon.
You worshipped Makhleb.
Makhleb was aware of your devotion.
You visited 2 branches of the dungeon, and saw 5 of its levels.
You also visited: Sewer.

You collected 228 gold pieces.
You spent 26 gold pieces at shops.

Inventory:

Hand Weapons
 a - a +0 war axe (weapon)
Missiles
 d - a throwing net
Armour
 b - a +0 scale mail (worn)
 c - a +0 buckler (worn)
Jewellery
 k - a +6 ring of dexterity (left hand)
Scrolls
 e - a scroll of immolation
 f - a scroll of vulnerability
 g - a scroll of brand weapon
 h - 3 scrolls of noise
 i - a scroll of identify
 j - a scroll of butterflies


   Skills:
 * Level 4.4 Fighting
 + Level 3.2 Axes
 + Level 3.6 Armour
 + Level 0.7 Dodging
 + Level 0.7 Stealth
 + Level 3.1 Shields
 * Level 0.4 Invocations


You had 5 spell levels left.
You didn't know any spells.
Your spell library contained the following spells:

 Spells                   Type           Power      Damage    Failure   Level
 Sandblast                Erth           0%         2d4       83%         1
 Cigotuvi's Dreadful Rot  Necr/Pois/Air  0%         N/A       93%         2
 Passwall                 Tmut/Erth      0%         N/A       93%         2
 Ignite Poison            Fire/Tmut/Pois 0%         N/A       99%         3
 Inner Flame              Hex/Fire       0%         N/A       99%         3
 Stone Arrow              Conj/Erth      0%         3d7       99%         3
 Brom's Barrelling Bould  Conj/Erth      0%         2d3       100%        4
 Flame Wave               Conj/Fire      0%         2d4       100%        4
 Sticky Flame             Conj/Fire      0%         2d3       100%        4
 Freezing Cloud           Conj/Ice/Air   0%         6-21      100%        5


Dungeon Overview and Level Annotations

Branches:
Dungeon (4/15)             Temple (1/1) D:4           Sewer (visited)

Altars:
Ashenzari
Cheibriados
Dithmenos
Fedhas
Gozag
Hepliaklqana
Makhleb
Nemelex Xobeh
Okawaru
Ru
Sif Muna
Uskayaw
Vehumet
Wu Jian
Yredelemnul

Shops:
D:2 ?


Innate Abilities, Weirdness & Mutations

You are immune to poison.
Your flesh is cold resistant. (rC+)
You are immune to negative energy. (rN+++)
You are immune to unholy pain and torment.
You are vulnerable to heat. (rF-)
You are in touch with the powers of death.
You do not drink.
You have a special connection with the divine. (Faith)


Message History

You now have 180 gold pieces (gained 18).
Found a green potion.
You now have 202 gold pieces (gained 22).
An orc priest comes into view. It is wielding a +0 mace.
The orc priest shouts!
An orc priest is nearby!
An orc priest is nearby!
An orc priest is nearby!
The orc priest hits you with a +0 mace.
You closely miss the orc priest. The orc priest hits you with a +0 mace!
The orc priest barely misses you.
You barely miss the orc priest. You block the orc priest's attack.
You hit the orc priest.
The orc priest is lightly wounded.
The orc priest calls down the wrath of Beogh upon you.
Beogh smites you!
You slash the orc priest!
The orc priest is almost dead.
The orc priest barely misses you.
The orc priest calls down the wrath of Beogh upon you.
Beogh smites you!
You are too injured to fight recklessly!
You are too injured to fight recklessly!
You are too injured to fight recklessly!
You are too injured to fight recklessly!
You are too injured to fight recklessly!
You are too injured to fight recklessly!
You are too injured to fight recklessly!
You are too injured to fight recklessly!
You are too injured to fight recklessly!
You closely miss the orc priest.
The orc priest is almost dead.
The orc priest mumbles some strange prayers to Beogh against you.
Beogh smites you!
* * * LOW HITPOINT WARNING * * *
You hit the orc priest but do no damage.
The orc priest is almost dead.
The orc priest invokes the aid of Beogh against you.
Beogh smites you!
You die... ♣♣♣♣.♣..♣♣.♣♣.P. ♣.P♣...♣♣.♣.P..♣ .. ♣..♣§.♣♣PP.♣.♣ #♣♣P♣♣..♣♣.†§♣§§♣♣..♣. ..♣P♣ ♣PP..♣.§♣§♣♣ .P ♣.♣.♣♣♣.♣..♣♣P..♣ P♣P

§♣.♣.♣$♣.♣.♣§♣♣.♣.♣
. ♣§♣o♣.♣♣$♣♣§♣ ..♣♣
§♣§♣@♣P♣♣♣.♣♣♣♣...P♣
♣§♣§♣.♣.♣)♣)♣..P....
♣§♣P♣.♣.♣P♣........
♣♣.♣.♣.♣.....####P.
. ♣♣..........#
♣.P♣...P.......#
♣...............
♣PP.#....#'##....
.....#.P..#..#..⌠.


You could see an orc priest.

Vanquished Creatures
  2 hounds (D:4)
  3 jellies (Sewer)
  An iguana (D:4)
  3 adders
  2 gnolls (D:3)
  2 river rats
  3 worms
  3 dart slugs
  10 ball pythons
  7 bats
  16 endoplasms
  8 giant cockroaches
  6 goblins
  3 hobgoblins
  8 jackals
  6 quokkas
  3 frilled lizards
  4 kobolds
  12 rats
102 creatures vanquished.

Notes
Turn   | Place    | Note
-------+----------+-------------------------------------------
     0 | D:1      | Inarius the Mummy Fighter began the quest for the Orb.
     0 | D:1      | Reached XP level 1. HP: 18/18 MP: 1/1
   186 | D:1      | Reached XP level 2. HP: 24/24 MP: 2/2
   674 | D:2      | Reached XP level 3. HP: 24/29 MP: 3/3
   697 | D:2      | Found Plog's Magic Scroll Shop.
   719 | D:2      | Bought a scroll of identify for 26 gold pieces
  1159 | D:2      | Reached XP level 4. HP: 36/36 MP: 4/4
  1667 | D:4      | Found a staircase to the Ecumenical Temple.
  1672 | D:4      | Reached XP level 5. HP: 42/42 MP: 5/5
  1679 | Temple   | Entered the Ecumenical Temple
  1707 | Temple   | Became a worshipper of Makhleb the Destroyer
  1784 | D:4      | Found a glowing drain.
  1863 | Sewer    | Entered a sewer
  1895 | Sewer    | Reached skill level 4 in Fighting
  2004 | Sewer    | Reached * piety under Makhleb
  2005 | Sewer    | Reached XP level 6. HP: 24/48 MP: 6/6
  2180 | Sewer    | Found a viscous altar of Jiyva.
  2419 | D:3      | Killed from afar by an orc priest

Illustrated notes

Levels and vault maps discovered:
D:1:      lightli_arrival_statuegarden, layout_loops_ring
D:2:      minmay_wonky_spiral, layout_rooms, serial_shops, shop_scrolls
D:3:      wad_woods_settlement, layout_basic
D:4:      layout_rooms, minmay_temple_entry_statues_pillars,
          cheibrodos_sewer_entry_sluice
Temple:   mainiacjoe_temple_bowtie_tessellation

Skill      XL: |  1  2  3  4  5 |
---------------+----------------+-----
Axes           | 2 3 |  3.2
Armour         | 3 |  3.6
Shields        | 3 |  3.1
Fighting       | 4 |  4.4
Dodging        | |  0.7
Stealth        | |  0.7
Invocations    | |  0.4

Action                     |  1- 3 |  4- 6 || total
---------------------------+-------+-------++-------
  Melee: War axe           |   132 |   175 ||   307
  Throw: Throwing net      |       |     2 ||     2
    Use: Scroll            |     3 |     4 ||     7
 Armour: Scale mail        |    92 |   107 ||   199
  Dodge: Dodged            |    76 |    80 ||   156
  Block: Buckler           |    32 |    35 ||    67

Table legend: (Time is in decaauts)
 A = Elapsed time spent in this place.
 B = Non-inter-level travel time spent in this place.
 C = Inter-level travel time spent in this place.
 D = Time resting spent in this place.
 E = Time spent auto-exploring this place.
 F = Levels seen in this place.
 G = Mean time per level.
                   A        B        C        D        E       F      G
               +--------+--------+--------+--------+--------+-----+--------+
         Total |   2563 |   2433 |    130 |    212 |   1207 |   6 |  427.2 |
       Dungeon |   2104 |   2024 |     80 |     98 |   1144 |   4 |  526.0 |
        Temple |     54 |      4 |     50 |      0 |      0 |   1 |   54.0 |
         Sewer |    404 |    404 |      0 |    114 |     63 |   1 |  404.0 |
               +--------+--------+--------+--------+--------+-----+--------+

Top non-repeatable levels by time:
     D:2: 757 daAuts
     D:1: 692 daAuts
   Sewer: 404 daAuts
     D:4: 396 daAuts
     D:3: 258 daAuts
  Temple: 54 daAuts
